 Dungeon Crawl Stone Soup version 0.32-a0-20-ge526923d97 (webtiles) character file.

Game seed: 8594452035645873781

10211 Xavori the Ducker (level 11, -2/79 HPs)
             Began as a Djinni Chaos Knight on Jan 17, 2024.
             Was a Plaything of Xom.
             Slain by a small abomination (9 damage)
             ... in a Gauntlet.
             The game lasted 00:18:43 (13215 turns).

Xavori the Ducker (Djinni Chaos Knight)            Turns: 13215, Time: 00:18:43

Health: -2/79      AC: 17    Str: 11    XL:     11   Next: 88%
Gold:   392        EV: 14    Int:  9    God:    Xom [......] SH:  6 Dex: 16

rFire   + + +        E - +3 falchion of Nuaku Ocar {venom, rF+}
rCold   x . .        g - +0 buckler
rNeg    . . .        a - +0 acid dragon scales
rPois   ∞            (no helmet)
rElec   +            (no cloak)
rCorr   +            (no gloves)
SInv    .            (boots unavailable)
Will    ++++.        (no amulet)
Stlth   ++           m - +4 ring of protection
HPRegen 0.33/turn    D - ring of Losm {rElec Will++ MP+9 Int-4}
MPRegen 0.00/turn

%: no teleportation, infuse magic (-3 HP)
@: mighty, attractive, flying
A: sickness immunity, fire resistance 3, cold vulnerability 1, float, innate
caster, HP casting, extra vitality 1, iridescent scales 3, thin skeletal
structure 1, clumsy 1, dopey 1, strong-willed 1, MP-powered wands
a: Renounce Religion


You were in a Gauntlet.
You worshipped Xom.
You were a very special plaything of Xom.
You visited 1 branch of the dungeon, and saw 11 of its levels.
You also visited: Bailey and Gauntlet.

You collected 525 gold pieces.
You spent 133 gold pieces at shops.

Inventory:

Hand Weapons
 E - the +3 falchion of Nuaku Ocar (weapon) {venom, rF+}
   (You found it on level 8 of the Dungeon)

   rF+:       It protects you from fire.
Missiles
 y - 2 throwing nets (quivered)
Armour
 a - +0 acid dragon scales (worn)
 b - a +3 leather armour
 g - a +0 buckler (worn)
 l - +0 steam dragon scales
Jewellery
 m - a +4 ring of protection (left hand)
 D - the ring of Losm (right hand) {rElec Will++ MP+9 Int-4}
   (You found it on level 7 of the Dungeon)

   [ring of magical power]

   Int-4:     It affects your intelligence (-4).
   rElec:     It insulates you from electricity.
   Will++:    It greatly increases your willpower.
   MP+9:      It affects your magic capacity (+9).
Talismans
 j - a talisman of death
Wands
 q - a wand of mindburst (15)
 s - a wand of polymorph (14)
 w - a wand of flame (30)
 z - a wand of iceblast (4)
Scrolls
 c - a scroll of butterflies
 d - 3 scrolls of poison
 e - a scroll of fog
 i - 4 scrolls of noise
 k - 3 scrolls of enchant armour
 p - 2 scrolls of teleportation
 r - 9 scrolls of enchant weapon
 x - a scroll of summoning
 H - a scroll of immolation
 I - a scroll of identify
Potions
 f - 4 potions of resistance
 h - a potion of haste {unknown}
 n - 2 potions of attraction
 o - 2 potions of lignification {unknown}
 t - a potion of cancellation {unknown}
 u - 2 potions of curing {unknown}
 v - a potion of heal wounds
 B - a potion of brilliance {unknown}
 C - a potion of magic
 F - a potion of might
 G - a potion of mutation
Miscellaneous
 A - a phial of floods (inert)


   Skills:
 + Level 7.4 Fighting
 + Level 6.8 Long Blades
 + Level 6.8 Armour
 + Level 7.7 Dodging
 + Level 5.8 Shields
 * Level 6.8 Spellcasting
 * Level 6.8 Conjurations
 * Level 6.8 Hexes
   Level 0.0 Charms
 * Level 6.8 Summonings
 * Level 6.8 Necromancy
 * Level 6.8 Translocations
   Level 0.0 Transmutations
 * Level 6.8 Fire Magic
 * Level 6.8 Ice Magic
 * Level 6.8 Air Magic
 * Level 6.8 Earth Magic
 * Level 6.8 Alchemy
 - Level 4.0 Shapeshifting


You knew the following spells:

 Your Spells              Type           Power      Damage    Failure   Level
a - Magic Dart            Conj           60%        1d6       2%          1
b - Ensorcelled Hibernat  Hex/Ice        30%        N/A       3%          2
c - Mephitic Cloud        Conj/Alch/Air  15%        N/A       8%          3
d - Dimensional Bullseye  Hex/Tloc       7%         N/A       24%         4
e - Curse of Agony        Necr           15%        N/A       56%         5
Your spell library was empty.

Dungeon Overview and Level Annotations

Branches:
Dungeon (11/15)            Temple (0/1) D:6            Lair (0/5) D:10
 Bailey (visited)         Gauntlet (1/1)
    Orc: D:9-12

Altars:
Ashenzari
Elyvilon
Fedhas
Gozag
Makhleb
Qazlal
Trog
Wu Jian
Xom
Yredelemnul
The Shining One

Shops:
D:1 *

Annotations:
D:4 1 runed translucent door, soul19's ghost, amateur DsFi Gauntlet 13 transporters, 3 runed translucent doors, exclusions: ice statue and 2 lightning spires


Innate Abilities, Weirdness & Mutations

You are immune to sickness and miasma.
You are immune to poison.
Your flesh is almost immune to the effects of heat. (rF+++)
You are vulnerable to cold. (rC-)
You float through the air rather than walking.
You learn spells naturally, not from books.
Your magical power is your life essence.
You have superior vitality. (+4 MHP)
You are completely covered in iridescent scales. (AC +6)
You have a somewhat thin skeletal structure. (Dex +2, Stealth+)
You are clumsy. (Dex -2)
You are dopey. (Int -2)
You are strong-willed. (Will+)
You expend health (3 HP) to strengthen your wands.


Message History

You slice something!!
Reactivating autopickup.
You feel a bit more experienced. The small abomination hits you!
You slash the small abomination!
The small abomination is heavily damaged.
The small abomination hits you.
You completely miss the small abomination.
The small abomination is heavily damaged.
The small abomination hits you.
You hit the small abomination.
The small abomination is severely damaged.
The small abomination hits you but does no damage.
The gargoyle hits something with a +0 mace!!
The small abomination hits you!
* * * LOW HITPOINT WARNING * * *
You slash the small abomination!
You destroy the small abomination!
You barely miss the small abomination.
The small abomination closely misses you.
You slash the small abomination!
The small abomination is moderately damaged.
The small abomination hits you but does no damage.
The gargoyle hits something with a +0 mace!!
The small abomination barely misses you.
You hit the small abomination.
The small abomination is heavily damaged.
The small abomination hits you.
* * * LOW HITPOINT WARNING * * *
You slash the small abomination!
The small abomination is almost destroyed.
The small abomination hits you!
* * * LOW HITPOINT WARNING * * *
You slash the small abomination!
You destroy the small abomination!
The ice statue glitters chillingly in the dim dungeon light.
You closely miss the small abomination.
The small abomination hits you but does no damage.
You completely miss the small abomination.
The small abomination hits you!
You die...

≈#≈#≈#§#...........#≈#≈#≈#≈#≈###
..........∩..8..∩..§§§........≈#
...©.........©.......§§©......##
########.#########.#########..§#
...x#..#.#..x...x#.#.......#.§##
.##x#..#.####.####.#.####..#.§§#
.##.#.x#.#..#.#..#.#.#..##.#.§##
....#.x#.#.##©##.#.#..#©.#.#..≈#
##+++..#.#.#...#@#.#k.##.#.#..##
.?#.#.X#.#.#...#x#.#....##.#..≈#
?.#©#.x#.#../©=..#.#8[.©.!.#..##
############################..§#
.#.©.........©.........©.#...###
.#...........©...........#...≈#
.#########################..###
........#.....99Y.#.........≈#
.§.§....#...P.PPP.#........###


You could see a catoblepas, an ice statue, a rime drake, 2 gargoyles and a small
abomination.

Vanquished Creatures
  A boulder beetle (D:11)
  An ugly thing (D:10)
  A manticore (D:11)
  A meliai (D:7)
  A black mamba (D:8)
  A gargoyle (D:10)
  Maggie (D:8)
  2 trolls
  Grinder (D:3)
  A hornet (D:8)
  4 yaks (D:8)
  A wyvern (D:8)
  A wraith (D:10)
  4 steam dragons
  A steam dragon (shapeshifter) (Bailey)
  4 vampire mosquitoes
  3 acid dragons
  Duvessa (D:7)
  A black bear (D:6)
  10 orc warriors
  A sky beast (D:7)
  5 small abominations (Gauntlet)
  An ogre (D:5)
  A tengu (shapeshifter) (D:6)
  3 centaurs (D:8)
  3 wolves (D:10)
  3 lemures (D:6)
  A kobold brigand (D:9)
  2 bullfrogs
  A necrophage (D:6)
  A scorpion (D:7)
  3 wights
  Dowan (D:7)
  3 howler monkeys (D:8)
  6 hounds
  5 orc priests
  A gnoll bouda (D:6)
  2 sleepcaps
  An iguana (D:6)
  2 orc wizards
  A hound skeleton (D:6)
  16 gnolls
  7 adders
  3 white imps
  4 ufetubi
  2 ribbon worms (D:2)
  4 dart slugs
  27 orcs
  8 ball pythons
  8 bats
  10 endoplasms
  3 giant cockroaches
  9 goblins
  5 hobgoblins
  2 quokkas
  6 frilled lizards
  15 kobolds
  4 rats (D:2)
221 creatures vanquished.

Vanquished Creatures (collateral kills)
  Eustachio (D:4)
  Edmund (D:4)
  A lemure (D:6)
  5 killer bees (D:7)
  A jelly (D:4)
  An iguana (D:4)
  A white imp (D:4)
  An orc (D:7)
  A goblin (D:7)
  A hobgoblin (D:4)
14 creatures vanquished.

Vanquished Creatures (others)
  An electric eel (D:10)
  An orc (D:9)
  A kobold (D:9)
3 creatures vanquished.

Grand Total: 238 creatures vanquished

Notes
Turn   | Place    | Note
-------+----------+-------------------------------------------
     0 | D:1      | Xavori the Djinni Chaos Knight began the quest for the Orb.
     0 | D:1      | Reached XP level 1. HP: 20/20 MP: 0/0
     6 | D:1      | Found Gonem's Assorted Antiques.
    59 | D:1      | XOM: silly message
   173 | D:1      | Reached XP level 2. HP: 25/25 MP: 0/0
   282 | D:1      | XOM: silly message
   375 | D:1      | Reached XP level 3. HP: 30/30 MP: 0/0
   375 | D:1      | Learned a level 1 spell: Magic Dart
   391 | D:1      | Reached skill level 1 in Spellcasting
   391 | D:1      | Reached skill level 1 in Conjurations
   391 | D:1      | Reached skill level 1 in Hexes
   391 | D:1      | Reached skill level 1 in Summonings
   391 | D:1      | Reached skill level 1 in Necromancy
   391 | D:1      | Reached skill level 1 in Translocations
   391 | D:1      | Reached skill level 1 in Fire Magic
   391 | D:1      | Reached skill level 1 in Ice Magic
   391 | D:1      | Reached skill level 1 in Air Magic
   391 | D:1      | Reached skill level 1 in Earth Magic
   391 | D:1      | Reached skill level 1 in Alchemy
   555 | D:1      | XOM: cloud trail
  1113 | D:2      | XOM: scenery: 2 doors open
  1170 | D:1      | Bought a scroll labelled OKEIMM RUME for 29 gold pieces
  1261 | D:1      | XOM: give mutations
  1261 | D:1      | Gained mutation: Your body sometimes deteriorates upon
                  | taking damage. [Xom's mischief]
  1261 | D:1      | Gained mutation: You are weak. (Str -2) [Xom's mischief]
  1261 | D:1      | Gained mutation: You occasionally lose the ability to drink
                  | potions when taking damage. [Xom's mischief]
  2139 | D:1      | XOM: give mutations
  2139 | D:1      | Gained mutation: You are strong-willed. (Will+) [Xom's
                  | mischief]
  2139 | D:1      | Lost mutation: Your body sometimes deteriorates upon taking
                  | damage. [Xom's mischief]
  2139 | D:1      | Lost mutation: You are weak. (Str -2) [Xom's mischief]
  2943 | D:1      | XOM: cloud trail
  3310 | D:1      | XOM: give mutations
  3310 | D:1      | Gained mutation: You have hidden genetic potential. [Xom's
                  | grace]
  3310 | D:1      | Gained mutation: You are partially covered in iridescent
                  | scales. (AC +2) [Xom's grace]
  3310 | D:1      | Gained mutation: Your flesh is almost immune to the effects
                  | of heat. (rF+++) [Xom's grace]
  3512 | D:2      | XOM is BORED!
  3512 | D:2      | XOM: torment (16/30 hp)
  3657 | D:2      | Reached XP level 4. HP: 35/35 MP: 0/0
  3701 | D:2      | XOM: cloud trail
  3746 | D:2      | Found a faded altar of an unknown god.
  3878 | D:2      | Gained mutation: You are covered in fur. (AC +1) [hidden
                  | potential]
  4046 | D:2      | XOM: cloud trail
  4370 | D:3      | Found a bloodstained altar of Trog.
  4533 | D:3      | Reached XP level 5. HP: 39/40 MP: 0/0
  4533 | D:3      | Learned a level 2 spell: Ensorcelled Hibernation
  4587 | D:3      | Noticed Grinder
  4594 | D:3      | XOM: destruction
  4622 | D:3      | XOM: destruction
  4623 | D:3      | Killed Grinder
  4624 | D:3      | Reached skill level 1 in Shapeshifting
  4624 | D:3      | Reached XP level 6. HP: 23/47 MP: 0/0
  4645 | D:3      | Gained mutation: You have a beak for a mouth. [hidden
                  | potential]
  4645 | D:3      | Lost mutation: You have hidden genetic potential. [hidden
                  | potential expressed]
  4713 | D:3      | XOM: give mutations
  4713 | D:3      | Gained mutation: You possess an exceptional clarity of
                  | mind. [Xom's grace]
  4734 | D:3      | Found an opulent altar of Gozag.
  4971 | D:4      | XOM: repel stairs
  5016 | D:4      | XOM: give mutations
  5016 | D:4      | Gained mutation: You are mostly covered in iridescent
                  | scales. (AC +4) [Xom's grace]
  5016 | D:4      | Gained mutation: You are agile. (Dex +4, Str/Int -1) [Xom's
                  | grace]
  5016 | D:4      | Gained mutation: You have hidden genetic potential. [Xom's
                  | grace]
  5204 | D:4      | Found a white marble altar of Elyvilon.
  5252 | D:4      | Noticed Eustachio
  5273 | D:4      | Killed Eustachio
  5274 | D:4      | Reached XP level 7. HP: 52/52 MP: 0/0
  5274 | D:4      | Learned a level 3 spell: Mephitic Cloud
  5314 | D:4      | Noticed Edmund
  5321 | D:4      | Killed Edmund
  5330 | D:4      | Gained mutation: You are completely covered in iridescent
                  | scales. (AC +6) [hidden potential]
  5504 | D:4      | Found a basalt altar of Yredelemnul.
  5536 | D:4      | Found a runed translucent door.
  5539 | D:4      | Noticed soul19's ghost (amateur DsFi)
  5734 | D:4      | XOM: scenery: 3 doors open
  5940 | D:5      | Entered Level 5 of the Dungeon
  6046 | D:1      | Bought a smoky cyan potion for 26 gold pieces
  6046 | D:1      | Bought a murky red potion for 26 gold pieces
  6046 | D:1      | Bought a fuming amethyst potion for 26 gold pieces
  6046 | D:1      | Bought a viscous clear potion for 26 gold pieces
  6094 | D:1      | XOM: god gift: scroll labelled IMISUXERIR {god gift}
  6199 | D:5      | Reached XP level 8. HP: 58/58 MP: 0/0
  6238 | D:5      | XOM: enchant monster (bad)
  6418 | D:5      | XOM: 2-stop teleportation journey
  6523 | D:5      | Found a glowing golden altar of the Shining One.
  6600 | D:5      | Found a blossoming altar of Fedhas.
  6626 | D:5      | XOM: fog
  6627 | D:5      | XOM: summons friendly quasit
  6778 | D:6      | Reached skill level 1 in Shields
  6795 | D:6      | Gained mutation: You are partially covered in large bone
                  | plates. (SH +4) [hidden potential]
  6795 | D:6      | Lost mutation: You have hidden genetic potential. [hidden
                  | potential expressed]
  6851 | D:6      | Found a staircase to the Ecumenical Temple.
  6908 | D:6      | Noticed Pikel
  6909 | D:6      | Pikel changed into Pikel the glowing shapeshifter
  6909 | D:6      | Noticed Pikel (glowing shapeshifter)
  6909 | D:6      | XOM: polymorph Pikel -> Pikel the glowing shapeshifter
  6909 | D:6      | Pikel the glowing shapeshifter changed into Pikel the hog
  6909 | D:6      | Noticed Pikel (glowing shapeshifter)
  6911 | D:6      | Pikel the hog changed into Pikel the wyvern
  6911 | D:6      | Noticed Pikel (glowing shapeshifter)
  6919 | D:6      | Pikel the wyvern changed into Pikel the hound
  7169 | D:6      | XOM: cloud trail
  7204 | D:6      | XOM: enchant monster (good)
  7287 | D:6      | Found a burning altar of Makhleb.
  7361 | D:6      | XOM: noise
  7413 | D:6      | XOM: cloud trail
  7561 | D:6      | Pikel the steam dragon changed into Pikel the polar bear
  7561 | D:6      | Noticed Pikel (glowing shapeshifter)
  7563 | D:6      | Pikel the polar bear changed into Pikel the basilisk
  7563 | D:6      | Noticed Pikel (glowing shapeshifter)
  7573 | D:6      | Pikel the basilisk changed into Pikel the glowing
                  | shapeshifter
  7573 | D:6      | Noticed Pikel (glowing shapeshifter)
  7573 | D:6      | XOM: polymorph Pikel the basilisk -> Pikel the glowing
                  | shapeshifter
  7573 | D:6      | Pikel the glowing shapeshifter changed into Pikel the
                  | centaur
  7574 | D:6      | XOM: cast spell 'Dispersal'
  7582 | D:6      | XOM: cast spell 'Summon Mana Viper'
  7615 | D:6      | XOM: god gift: wand of iceblast (6)
  7838 | D:6      | XOM: silly message
  7866 | D:6      | XOM: god gift: scroll of poison
  8169 | D:7      | Reached XP level 9. HP: 64/64 MP: 0/0
  8169 | D:7      | Learned a level 4 spell: Dimensional Bullseye
  8215 | D:7      | Noticed Dowan
  8216 | D:7      | Noticed Duvessa
  8221 | D:7      | Reached skill level 5 in Fighting
  8230 | D:7      | Killed Dowan
  8237 | D:7      | Killed Duvessa
  8238 | D:7      | Reached skill level 5 in Dodging
  8312 | D:7      | XOM: 1-stop teleportation journey
  8316 | D:7      | XOM: summons friendly shadow imp
  8416 | D:6      | XOM: give mutations
  8416 | D:6      | Gained mutation: You expend health (3 HP) to strengthen
                  | your wands. [Xom's mischief]
  8416 | D:6      | Lost mutation: You are partially covered in large bone
                  | plates. (SH +4) [Xom's mischief]
  8416 | D:6      | Lost mutation: You are agile. (Dex +4, Str/Int -1) [Xom's
                  | mischief]
  8448 | D:7      | Found a flagged portal.
  8457 | Bailey   | Entered a bailey
  8505 | Bailey   | Reached skill level 5 in Long Blades
  8619 | Bailey   | XOM: noise
  8669 | Bailey   | XOM: polymorph orc warrior -> shapeshifter
  8687 | Bailey   | Reached XP level 10. HP: 62/72 MP: 0/0
  8764 | Bailey   | XOM: summons 6 hostile demons
  8794 | Bailey   | Noticed an orc knight
  8797 | Bailey   | XOM: polymorph iron imp -> crimson imp
  8807 | Bailey   | Reached skill level 5 in Spellcasting
  8807 | Bailey   | Reached skill level 5 in Conjurations
  8807 | Bailey   | Reached skill level 5 in Hexes
  8807 | Bailey   | Reached skill level 5 in Summonings
  8807 | Bailey   | Reached skill level 5 in Necromancy
  8807 | Bailey   | Reached skill level 5 in Translocations
  8807 | Bailey   | Reached skill level 5 in Fire Magic
  8807 | Bailey   | Reached skill level 5 in Ice Magic
  8807 | Bailey   | Reached skill level 5 in Air Magic
  8807 | Bailey   | Reached skill level 5 in Earth Magic
  8807 | Bailey   | Reached skill level 5 in Alchemy
  8810 | Bailey   | XOM: swap monsters
  8824 | Bailey   | Reached skill level 5 in Armour
  8829 | Bailey   | XOM: draining
  8862 | Bailey   | Identified the +3 whip "Syquq" {antimagic, rF+}
  8973 | D:7      | Found an ornate altar of the Wu Jian Council.
  9108 | D:7      | a centaur changed into a meliai
  9108 | D:7      | Noticed a meliai
  9108 | D:7      | XOM: polymorph centaur -> meliai
  9117 | D:7      | Killed a meliai
  9185 | D:7      | XOM: silly message
  9325 | D:7      | Identified the ring of Losm {rElec Will++ MP+9 Int-4}
  9451 | D:8      | Identified the +3 falchion of Nuaku Ocar {venom, rF+}
  9473 | D:8      | XOM: potion effect (berserk rage)
  9596 | D:8      | XOM: divination: detect creatures
  9770 | D:8      | XOM: draining
  9875 | D:8      | Noticed Maggie
  9901 | D:8      | XOM: scenery: create altars
  9909 | D:8      | Killed Maggie
 10002 | D:8      | Noticed a two-headed ogre
 10018 | D:8      | XOM: swap monsters
 10019 | D:8      | a two-headed ogre changed into a black mamba
 10019 | D:8      | Noticed a black mamba
 10019 | D:8      | XOM: polymorph two-headed ogre -> black mamba
 10030 | D:8      | Killed a black mamba
 10060 | D:8      | XOM: torment (13/73 hp)
 10618 | D:8      | XOM: potion effect (invisibility)
 10642 | D:8      | XOM: polymorph yak -> centaur
 10651 | D:8      | Reached XP level 11. HP: 73/78 MP: 0/0
 10651 | D:8      | Learned a level 5 spell: Curse of Agony
 10693 | D:9      | XOM: divination: detect creatures
 10712 | D:9      | XOM: 1-stop teleportation journey
 10716 | D:9      | XOM: smoke on damage
 10836 | D:8      | XOM: give mutations
 10836 | D:8      | Lost mutation: You are covered in fur. (AC +1) [Xom's
                  | mischief]
 10836 | D:8      | Gained mutation: You have a somewhat thin skeletal
                  | structure. (Dex +2, Stealth+) [Xom's mischief]
 10836 | D:8      | Lost mutation: You possess an exceptional clarity of mind.
                  | [Xom's mischief]
 10944 | D:8      | XOM: silly message
 10948 | D:8      | Reached skill level 5 in Shields
 11106 | D:9      | XOM: 1-stop teleportation journey
 11350 | D:9      | XOM: give mutations
 11350 | D:9      | Lost mutation: You occasionally lose the ability to drink
                  | potions when taking damage. [Xom's mischief]
 11350 | D:9      | Gained mutation: You are dopey. (Int -2) [Xom's mischief]
 11350 | D:9      | Lost mutation: You expend health (3 HP) to strengthen your
                  | wands. [Xom's mischief]
 11636 | D:10     | Entered Level 10 of the Dungeon
 11671 | D:10     | Found a staircase to the Lair.
 11671 | D:10     | XOM: 2-stop teleportation journey
 11678 | D:10     | XOM: stat loss: -1 Str (10/11)
 11685 | D:10     | XOM: swap monsters
 11777 | D:10     | Found a stormy altar of Qazlal.
 12014 | D:10     | XOM: summons 5 friendly demons
 12174 | D:9      | XOM: give mutation
 12174 | D:9      | Lost mutation: You have a beak for a mouth. [Xom's
                  | mischief]
 12274 | D:10     | XOM: give mutations
 12274 | D:10     | Gained mutation: You are clumsy. (Dex -2) [Xom's mischief]
 12274 | D:10     | Gained mutation: You expend health (3 HP) to strengthen
                  | your wands. [Xom's mischief]
 12274 | D:10     | Gained mutation: You passively dampen the noise of your
                  | surroundings. [Xom's mischief]
 12274 | D:10     | Lost mutation: You passively dampen the noise of your
                  | surroundings. [Xom's mischief]
 12350 | D:10     | Found a broken altar of Ashenzari.
 12417 | D:10     | Noticed a green ugly thing
 12429 | D:10     | XOM: noise
 12445 | D:10     | Killed a green ugly thing
 12798 | D:11     | Noticed a boulder beetle
 12822 | D:11     | Killed a boulder beetle
 12836 | D:11     | Noticed a manticore
 12836 | D:11     | XOM: enchant monster (bad)
 12849 | D:11     | Killed a manticore
 12984 | D:11     | Found a gate leading to a gauntlet.
 12991 | Gauntlet | Entered a Gauntlet
 12991 | Gauntlet | Found a transporter.
 12991 | Gauntlet | Found a transporter.
 12991 | Gauntlet | Found a runed translucent gate.
 12991 | Gauntlet | Found a runed translucent gate.
 12992 | Gauntlet | Noticed a large abomination
 13020 | Gauntlet | Found a transporter.
 13035 | Gauntlet | Found a transporter.
 13053 | Gauntlet | Found a transporter.
 13053 | Gauntlet | Found a transporter.
 13053 | Gauntlet | Found a transporter.
 13056 | Gauntlet | Found a transporter.
 13056 | Gauntlet | Found a transporter.
 13058 | Gauntlet | Noticed a blizzard demon
 13068 | Gauntlet | Found a transporter.
 13074 | Gauntlet | Noticed a wretched star
 13086 | Gauntlet | Found a transporter.
 13093 | Gauntlet | Noticed a lightning spire
 13096 | Gauntlet | Found a transporter.
 13109 | Gauntlet | Noticed a lightning spire
 13111 | Gauntlet | Found a transporter.
 13123 | Gauntlet | Noticed a catoblepas
 13131 | Gauntlet | Found a transporter.
 13138 | Gauntlet | Found a runed translucent gate.
 13175 | Gauntlet | XOM: blink monster(s)
 13192 | Gauntlet | XOM: enchant monster (bad)
 13215 | Gauntlet | Slain by a small abomination

Illustrated notes

Levels and vault maps discovered:
D:1:      giann_forest_graveyard, layout_basic, serial_shops, shop,
          minmay_misc_feat_x, minmay_lizard_king
D:2:      layout_basic, hellmonk_ecumenical_altar_inner_sanctum
D:3:      layout_rooms, mainiacjoe_overflow_surrounded_room,
          mainiacjoe_overflow_tiny_flanked, minmay_misc_feat_roman,
          minmay_close_crescents, uniq_grinder
D:4:      layout_rooms, kennysheep_ying_yang, ebering_ghost_inner_flame,
          dk_noncrumbling_4, nrook_loot_triangle, kennysheep_small_square,
          uniq_edmund, uniq_eustachio
D:5:      layout_rooms, mainiacjoe_overflow_catwalk, fedhas_altar_1,
          kennysheep_little_box
D:6:      layout_basic, makhleb_blood_cavern_becter, minmay_temple_entry_fiery,
          uniq_pikel
D:7:      layout_gridville, nicolae_wu_jian_glorious_leap, enter_bailey_3,
          uniq_duvessa
D:8:      layout_loops_corners, feat_on_display, uniq_maggie
D:9:      layout_rooms, lemuel_flamethrower_2
D:10:     layout_basic, mainiacjoe_overflow_alcove_1,
          nicolae_qazlal_general_emergency, erik_lair_island,
          serial_corexii_hall, corexii_hall_statues_l,
          corexii_hall_statues_deadend, corexii_hall_statues_x,
          chequers_hall_statues_wall_a
D:11:     layout_grid_maze, gauntlet_entry_generic, chequers_big_river,
          uniq_harold
Gauntlet: gammafunk_gauntlet_mixed_choke_point
          [minmay_gauntlet_arena_77_run_for_it, minmay_gauntlet_arena_77_mirror,
          minmay_gauntlet_arena_77_hold_the_fort,
          gammafunk_gauntlet_arena_hedges, minmay_gauntlet_arena_77_squiggly,
          minmay_gauntlet_arena_77_double_cross, minmay_gauntlet_arena_77_mess,
          dreamdust_gauntlet_exit_labyrinth]

Skill      XL: |  1  2  3  4  5  6  7  8  9 10 11 |
---------------+----------------------------------+-----
Spellcasting   | 1 2 3 4 5 6 |  6.8
Conjurations   | 1 2 3 4 5 6 |  6.8
Hexes          | 1 2 3 4 5 6 |  6.8
Summonings     | 1 2 3 4 5 6 |  6.8
Necromancy     | 1 2 3 4 5 6 |  6.8
Translocations | 1 2 3 4 5 6 |  6.8
Fire Magic     | 1 2 3 4 5 6 |  6.8
Ice Magic      | 1 2 3 4 5 6 |  6.8
Air Magic      | 1 2 3 4 5 6 |  6.8
Earth Magic    | 1 2 3 4 5 6 |  6.8
Alchemy        | 1 2 3 4 5 6 |  6.8
Long Blades    | 3 4 5 6 |  6.8
Armour         | 2 3 4 5 6 |  6.8
Dodging        | 3 4 5 6 7 |  7.7
Shapeshifting  | 1 2 3 4 |  4.0
Fighting       | 4 5 6 7 |  7.4
Shields        | 2 3 4 5 |  5.8

Action                     |  1- 3 |  4- 6 |  7- 9 | 10-12 || total
---------------------------+-------+-------+-------+-------++-------
  Melee: Falchion          |    88 |   140 |   235 |   387 ||   850
         Peck              |       |     9 |    61 |    77 ||   147
         Punch             |       |     2 |       |       ||     2
   Cast: Magic Dart        |       |    13 |     3 |    16 ||    32
         Mephitic Cloud    |       |       |    25 |    25 ||    50
  Evoke: Wand              |       |       |     3 |     3 ||     6
         Phial of floods   |       |       |       |     1 ||     1
    Use: Scroll            |     1 |       |    11 |     2 ||    14
         Potion            |       |       |       |     5 ||     5
   Stab: Sleeping          |     2 |       |       |       ||     2
         Confused          |       |       |    11 |    15 ||    26
         Paralysed         |       |       |     2 |     1 ||     3
         Distracted        |       |       |     1 |       ||     1
         Invisible         |       |       |       |    15 ||    15
 Armour: Leather armour    |    57 |    83 |   126 |    79 ||   345
         Acid dragon scale |       |       |       |   183 ||   183
  Dodge: Dodged            |    56 |    81 |   127 |   345 ||   609
  Block: Buckler           |       |       |    93 |   100 ||   193

Table legend: (Time is in decaauts)
 A = Elapsed time spent in this place.
 B = Non-inter-level travel time spent in this place.
 C = Inter-level travel time spent in this place.
 D = Time resting spent in this place.
 E = Time spent auto-exploring this place.
 F = Levels seen in this place.
 G = Mean time per level.
                   A        B        C        D        E       F      G
               +--------+--------+--------+--------+--------+-----+--------+
         Total |  13333 |  12778 |    555 |   3459 |   7035 |  13 | 1025.6 |
       Dungeon |  12684 |  12129 |    555 |   3442 |   6691 |  11 | 1153.1 |
        Bailey |    423 |    423 |      0 |     17 |    187 |   1 |  423.0 |
      Gauntlet |    224 |    224 |      0 |      0 |    157 |   1 |  224.0 |
               +--------+--------+--------+--------+--------+-----+--------+

Top non-repeatable levels by time:
     D:1: 3599 daAuts
     D:8: 1567 daAuts
     D:6: 1559 daAuts
     D:4: 1128 daAuts
    D:10: 955 daAuts
     D:9: 869 daAuts
     D:2: 843 daAuts
     D:7: 795 daAuts
     D:3: 639 daAuts
     D:5: 534 daAuts
  Bailey: 423 daAuts
Gauntlet: 224 daAuts
    D:11: 193 daAuts
